 Dungeon Crawl Stone Soup version 0.15.1-4-gac8487e (webtiles) character file.

5954 Johnny the Chiller (level 10, -5/81 HPs)
             Began as a Demigod Ice Elementalist on Oct 15, 2014.
             Killed from afar by Sonja (7 damage)
             ... with a wand of magic darts
             ... on Level 10 of the Dungeon.
             The game lasted 00:33:06 (11670 turns).

Johnny the Chiller (Demigod Ice Elementalist)      Turns: 11670, Time: 00:33:06

HP  -5/81        AC 14     Str 12      XL: 10   Next: 29%
MP  17/25        EV 10     Int 22      God:
Gold 463         SH  0     Dex 20      Spells:  4 memorised,  7 levels left

rFire  + . .     SeeInvis .     k - +2 spear (distort)
rCold  . . .     Clarity  .     C - +1 ring mail {rF+} (curse)
rNeg   . . .     rCorr    +     (no shield)
rPois  +         rRot     .     M - +1 helmet
rElec  .         Spirit   .     N - +0 cloak
SustAb .         Warding  .     (no gloves)
rMut   .         Stasis   .     Q - +0 pair of boots
Gourm  .                        r - amulet of resist corrosion
MR     +....                    w - +3 ring of protection
                                u - ring of poison resistance

@: lethally poisoned, very slightly contaminated, somewhat resistant to hostile
enchantments, fairly stealthy
A: talons 1, screaming 1, slow healing 1, wild magic 1, evolution 1
a: no special abilities


You were on level 10 of the Dungeon.
You were hungry.

You visited 1 branch of the dungeon, and saw 10 of its levels.
You also visited: Ossuary.

You collected 463 gold pieces.

Inventory:

Hand weapons
 k - a +2 spear of distortion (weapon)
Armour
 C - a cursed +1 ring mail of fire resistance (worn)
 M - a +1 helmet (worn)
 N - a +0 cloak (worn)
 Q - a +0 pair of boots (worn)
Magical devices
 F - a wand of fireball (0)
 W - a wand of fire (7)
Comestibles
 c - 4 bread rations
 j - 9 meat rations
 l - a beef jerky
 o - 13 fruits
 B - a chunk of kobold flesh
 S - 6 slices of pizza
Scrolls
 d - 3 scrolls of fog
 f - a scroll of summoning
 m - 2 scrolls of noise
 q - 3 scrolls of amnesia
 t - 3 scrolls of recharging
 z - 4 scrolls of remove curse
 A - a scroll of random uselessness {unknown}
 D - a scroll of enchant armour {unknown}
 H - a scroll of blinking {unknown}
 I - a scroll of teleportation
 O - a scroll of magic mapping
 Y - a scroll of enchant weapon {unknown}
Jewellery
 p - an uncursed amulet of warding {unknown}
 r - an amulet of resist corrosion (around neck)
 u - a ring of poison resistance (left hand)
 w - a +3 ring of protection (right hand)
 G - an uncursed ring of teleport control {unknown}
 P - an uncursed amulet of faith {unknown}
 T - an uncursed amulet of clarity {unknown}
 V - an uncursed amulet of guardian spirit {unknown}
Potions
 a - a potion of resistance {unknown}
 e - 3 potions of restore abilities
 g - a potion of brilliance {unknown}
 h - 3 potions of agility
 i - a potion of mutation
 n - a potion of magic {unknown}
 s - 2 potions of flight {unknown}
 v - a potion of might
 x - a potion of lignification {unknown}
 J - a potion of beneficial mutation {unknown}
 R - a potion of curing
Books
 b - a book of Frost

   Spells                             Type                      Level
   *Freeze                            Ice                          1
   Throw Frost                        Conjuration/Ice              2
   *Ozocubu's Armour                  Charms/Ice                   3
   *Throw Icicle                      Conjuration/Ice              4
   *Summon Ice Beast                  Ice/Summoning                4
   Condensation Shield                Ice                          4
 Z - a book of the Sky

   Spells                             Type                      Level
   Flight                             Charms/Air                   3
   Airstrike                          Air                          4
   Silence                            Hexes/Air                    5
   Deflect Missiles                   Charms/Air                   6
   Conjure Ball Lightning             Conjuration/Air              6
   Tornado                            Air                          9


   Skills:
 * Level 5.4 Fighting
 * Level 4.2 Polearms
 + Level 3.7 Armour
 + Level 4.0 Dodging
 + Level 4.8 Stealth
 * Level 5.0 Spellcasting
 * Level 3.1 Conjurations
 * Level 2.7 Charms
 * Level 5.5 Summonings
 * Level 6.2 Ice Magic
 + Level 1.8 Evocations


You had 7 spell levels left.
You knew the following spells:

 Your Spells              Type           Power        Failure   Level  Hunger
a - Freeze                Ice            ####         3%          1    None
b - Summon Ice Beast      Ice/Summ       #####...     26%         4    ####...
c - Ozocubu's Armour      Chrm/Ice       #####...     19%         3    ##.....
d - Throw Icicle          Conj/Ice       #####...     38%         4    ####...


Dungeon Overview and Level Annotations

Branches:
Dungeon (10/15)            Temple (0/1) D:7
    Orc: D:9-12        Lair: D:8-11

Annotations:
D:3 Grinder
D:10 Sonja


Innate Abilities, Weirdness & Mutations

You have sharp toenails.
You occasionally shout uncontrollably at your foes.
You heal slowly when monsters are visible.
Your spells are a little harder to cast, but a little more powerful.
You evolve.


Message History

Press: ? - help, Dir - move target cursor, f/p - Sonja
Aim: Sonja, wielding a blowgun and carrying a wand of magic darts {zapped: 10} (lightly wounded)
You completely miss Sonja.
Sonja is lightly wounded.
Sonja zaps a wand.
The magic dart hits you!
The deep elf mage hits your ice beast with a short sword.
Attack whom?
Press: ? - help, Dir - move target cursor, f/p - Sonja
Aim: Sonja, wielding a blowgun and carrying a wand of magic darts {zapped: 11} (lightly wounded)
You closely miss Sonja.
Sonja is lightly wounded.
Sonja zaps a wand.
The magic dart hits you!
* * * LOW HITPOINT WARNING * * *
The deep elf mage casts a spell at you. The bolt of magma hits your ice beast.
Your ice beast melts!
The bolt of magma hits you! You partially resist.
* * * LOW HITPOINT WARNING * * *
Sonja zaps a wand.
The magic dart hits you!
You die...

#.##........... ####
#..+..........) #
#..$ ..##..........)
...#...
............... ['...
..#............
#...##..#............
#..eY§.>#............
#Y####............
#@#..§............
#K#.###.........(.
#.#.# ############
#.#.# #.#.# #...#
#####


You could see Sonja, a deep elf mage and 2 friendly ice beasts.

Vanquished Creatures
  A hydra (D:9)
  Pikel (D:5)
  A hydra skeleton (D:10)
  A wyvern (D:8)
  Eustachio (D:5)
  A water moccasin (D:6)
  2 ice beasts
  An ogre (D:7)
  A phantom (D:7)
  2 sky beasts (D:6)
  A yellow wasp (D:7)
  2 slaves (D:5)
  The ghost of Watball the Covert, an average SpEn (D:3)
  3 centaurs (D:7)
  Sigmund (D:3)
  Duvessa (D:5)
  3 giant frogs
  5 big kobolds
  4 scorpions
  A quasit (D:8)
  2 goliath beetles
  Dowan (D:5)
  5 hounds
  3 crimson imps
  A centaur skeleton (D:4)
  2 jellies
  An orc priest (D:9)
  2 iguanas
  Natasha (thrice) (D:3)
  An orc wizard (D:5)
  4 worker ants
  A sky beast zombie (D:5)
  6 big kobold zombies (Ossuary)
  A mummy (Ossuary)
  A hound skeleton (D:7)
  3 gnolls
  12 adders
  2 shadow imps
  A white imp (D:10)
  4 worms
  An adder zombie (D:5)
  An adder skeleton (D:2)
  2 giant geckos
  An ooze (D:3)
  18 orcs
  A spectral bat (Ossuary)
  A ball python (D:2)
  18 bats
  2 bat simulacra (Ossuary)
  A bat skeleton (D:4)
  5 giant cockroaches
  15 goblins
  8 hobgoblins
  9 jackals
  25 kobolds
  2 quokkas
  A giant cockroach zombie (D:6)
  5 giant newts
  A giant newt zombie (D:2)
  3 gnoll zombies (Ossuary)
  A goblin simulacrum (Ossuary)
  3 goblin zombies (Ossuary)
  3 hobgoblin zombies (Ossuary)
  A kobold simulacrum (Ossuary)
  3 kobold zombies (Ossuary)
  An orc skeleton (D:2)
  6 orc zombies (Ossuary)
  14 rats
  A rat simulacrum (Ossuary)
  6 spectral goblins (Ossuary)
  4 spectral kobolds (Ossuary)
  3 spectral rats (Ossuary)
  A ballistomycete (D:9)
257 creatures vanquished.

Vanquished Creatures (collateral kills)
  The ghost of Johnny the Chiller, an experienced DgIE (D:8)
  2 yaks (D:9)
  An orc warrior (D:7)
  A slave (D:5)
  3 ogres
  Blork the orc (D:6)
  An eye of draining (D:8)
  An iguana (D:6)
  An iron imp (D:9)
  An elf skeleton (D:8)
  2 sheep (D:9)
  A worker ant zombie (D:8)
  A gnoll (D:7)
  An ufetubus (D:10)
  4 orcs
  A goblin (D:5)
  2 hobgoblins
  A goblin simulacrum (Ossuary)
  A jackal (D:8)
  2 kobolds
  A kobold simulacrum (Ossuary)
  A rat (D:5)
31 creatures vanquished.

Vanquished Creatures (others)
  An iron devil (D:7)
  3 ice beasts
  A troll (D:9)
  An ogre (D:5)
  An orc warrior (D:9)
  A phantom (D:5)
  An eye of draining (D:8)
  2 goliath beetles
  A crimson imp (D:7)
  A hound (D:6)
  A centaur skeleton (D:5)
  An orc priest (D:8)
  A worker ant (D:8)
  2 big kobold zombies (Ossuary)
  A hound skeleton (D:9)
  A green rat (D:5)
  An adder (D:9)
  An orc skeleton (D:5)
  3 orcs
  A gnoll zombie (Ossuary)
  A jackal (D:8)
  A bat (D:5)
  A giant spore (D:9)
  A goblin zombie (Ossuary)
  A kobold (D:5)
  2 orc zombies (Ossuary)
  2 spectral goblins (Ossuary)
35 creatures vanquished.

Grand Total: 323 creatures vanquished

Notes
Turn   | Place    | Note
--------------------------------------------------------------
     0 | D:1      | Johnny, the Demigod Ice Elementalist, began the quest for the Orb.
     0 | D:1      | Reached XP level 1. HP: 14/14 MP: 3/3
   410 | D:1      | Reached XP level 2. HP: 19/22 MP: 1/4
  1031 | D:2      | Reached skill level 1 in Fighting
  1177 | D:2      | Reached XP level 3. HP: 28/28 MP: 4/8
  1220 | D:2      | Reached skill level 1 in Armour
  1320 | D:2      | Reached skill level 3 in Ice Magic
  2082 | D:2      | Reached XP level 4. HP: 33/35 MP: 7/10
  2088 | D:2      | Learned a level 4 spell: Summon Ice Beast
  2185 | D:3      | Noticed Natasha
  2193 | D:3      | Killed Natasha
  2408 | D:3      | Noticed Watball's ghost (average SpEn)
  2421 | D:3      | Killed Watball's ghost
  2421 | D:3      | Reached skill level 1 in Summonings
  2421 | D:3      | Reached XP level 5. HP: 23/41 MP: 6/12
  2535 | D:3      | Found an ancient bone altar of Kikubaaqudgha.
  2549 | D:3      | Found a shattered altar of Ashenzari.
  2549 | D:3      | Found a white marble altar of Elyvilon.
  2799 | D:3      | Noticed Natasha
  2964 | D:3      | Killed Natasha
  3185 | D:3      | Noticed Natasha
  3194 | D:3      | Killed Natasha
  3223 | D:3      | Noticed Grinder
  3269 | D:3      | Noticed Sigmund
  3279 | D:3      | Killed Sigmund
  3444 | D:4      | Reached XP level 6. HP: 46/48 MP: 12/15
  3815 | D:4      | Reached skill level 4 in Ice Magic
  3920 | D:4      | Found a sparkling altar of Nemelex Xobeh.
  4295 | D:4      | Reached XP level 7. HP: 51/56 MP: 18/18
  4375 | D:5      | Entered Level 5 of the Dungeon
  4419 | D:5      | Noticed Dowan
  4440 | D:5      | Killed Dowan
  4463 | D:5      | Noticed Duvessa
  4513 | D:5      | Found a glowing silver altar of Zin.
  4513 | D:5      | Found a basalt altar of Yredelemnul.
  4644 | D:5      | Reached skill level 1 in Polearms
  4744 | D:5      | Gained mutation: You evolve. [potion of mutation]
  4744 | D:5      | Gained mutation: You occasionally shout uncontrollably at your foes. [potion of mutation]
  4744 | D:5      | Gained mutation: Your spells are a little harder to cast, but a little more powerful. [potion of mutation]
  4752 | D:5      | Killed Duvessa
  4807 | D:5      | Found a sand-covered staircase.
  4816 | Ossuary  | Entered an ossuary
  5410 | Ossuary  | Reached XP level 8. HP: 63/63 MP: 20/20
  5555 | D:5      | Noticed Pikel
  5585 | D:5      | Killed Pikel
  5585 | D:5      | Reached skill level 5 in Ice Magic
  5789 | D:5      | Noticed Eustachio
  5826 | D:5      | Killed Eustachio
  6048 | D:5      | Found a snail-covered altar of Cheibriados.
  6065 | D:5      | Gained mutation: You have sharp toenails. [evolution]
  6644 | D:6      | Noticed Blork the orc
  6656 | D:6      | Killed Blork the orc
  7353 | D:7      | Found a shimmering altar of Xom.
  7425 | D:7      | Reached XP level 9. HP: 72/72 MP: 19/23
  7441 | D:7      | Learned a level 3 spell: Ozocubu's Armour
  7446 | D:7      | Learned a level 4 spell: Throw Icicle
  7453 | D:7      | Found a staircase to the Ecumenical Temple.
  7466 | D:7      | Noticed an iron devil
  7507 | D:7      | Banished an iron devil
  7507 | D:7      | Reached skill level 1 in Conjurations
  7640 | D:7      | Noticed an angel
  8153 | D:7      | Reached skill level 1 in Charms
  8611 | D:7      | Found a burning altar of Makhleb.
  8642 | D:8      | Noticed Johnny's ghost (experienced DgIE)
  8654 | D:8      | Killed Johnny's ghost
  8654 | D:8      | Reached skill level 5 in Fighting
  8654 | D:8      | Reached skill level 1 in Evocations
  8669 | D:8      | Found a bloodstained altar of Trog.
  9009 | D:8      | HP: 2/74 [miscasting Summon Ice Beast (17)]
  9979 | D:9      | Found a radiant altar of Vehumet.
 10013 | D:9      | Reached skill level 5 in Summonings
 10222 | D:9      | Noticed a three-headed hydra
 10239 | D:9      | Killed a three-headed hydra
 10239 | D:9      | Reached XP level 10. HP: 52/81 MP: 13/25
 10252 | D:9      | Reached skill level 6 in Ice Magic
 11067 | D:9      | Gained mutation: You heal slowly when monsters are visible. [evolution]
 11523 | D:10     | Entered Level 10 of the Dungeon
 11556 | D:10     | Reached skill level 5 in Spellcasting
 11602 | D:10     | Noticed Sonja
 11670 | D:10     | HP: 2/81 [deep elf mage/bolt of magma (22)]
 11670 | D:10     | Killed from afar by Sonja

Action                   |  1- 3 |  4- 6 |  7- 9 | 10-12 || total
-------------------------+-------+-------+-------+-------++-------
Melee: Dagger            |    29 |       |       |       ||    29
       Unarmed           |     3 |       |       |       ||     3
       Spear             |    46 |   154 |   551 |   138 ||   889
 Cast: Freeze            |    71 |    66 |    45 |     6 ||   188
       Summon Ice Beast  |       |       |    27 |     6 ||    33
Evoke: Wand              |       |       |     5 |     3 ||     8
  Use: Potion            |       |     2 |     6 |       ||     8
       Scroll            |       |     3 |     3 |     4 ||    10
 Stab: Distracted        |     1 |     1 |     2 |     2 ||     6
       Sleeping          |     2 |     1 |    11 |     1 ||    15
  Eat: Chunk             |     4 |     8 |    16 |     6 ||    34
       Fruit             |       |       |     4 |       ||     4
       Beef jerky        |       |       |     3 |       ||     3
       Pizza             |       |       |     2 |       ||     2
